 Dungeon Crawl Stone Soup version 0.20.1-1-g8b1a95d (webtiles) character file.

126 letownia2 the Grave Robber (level 4, -2/36 HPs)
             Began as a Deep Dwarf Necromancer on Dec 16, 2017.
             Slain by a shadow imp (4 damage)
             ... on level 5 of the Dungeon.
             The game lasted 00:04:41 (1486 turns).

letownia2 the Grave Robber (Deep Dwarf Necromancer) Turns: 1486, Time: 00:04:42

Health: -2/36      AC:  5    Str: 11    XL:     4   Next: 84%
Magic:  9/9        EV: 11    Int: 17    God:
Gold:   68         SH:  0    Dex: 13    Spells: 5/9 levels left

rFire    + . .     SeeInvis .   d - +0 short sword (curse)
rCold    + . .     Gourm    .   (no shield)
rNeg     . . .     Faith    .   e - +0 ring mail
rPois    .         Spirit   .   (no helmet)
rElec    .         Reflect  .   f - scarf {rC+ rF+}
rCorr    .         Harm     .   (no gloves)
MR       .....                  (no boots)
Stlth    +.........             (no amulet)
Regen    0.0/turn               (no ring)
MPRegen  0.2/turn               (no ring)

@: non-regenerating
A: damage resistance, heal wounds, sense surroundings 1, no regeneration
a: Heal Wounds


You were on level 5 of the Dungeon.
You were hungry.

You visited 1 branch of the dungeon, and saw 5 of its levels.

You collected 68 gold pieces.

Inventory:

Hand Weapons
 d - a cursed +0 short sword (weapon)
 g - a +0 quarterstaff of speed
 h - a +2 hand axe of chopping
 n - a +0 hand axe
Armour
 e - a +0 ring mail (worn)
 f - a scarf of resistance (worn)
 o - a +0 scale mail
Wands
 k - a wand of clouds (3/9)
Scrolls
 a - a scroll of identify
 j - a scroll of teleportation {unknown}
 l - 3 scrolls of remove curse {unknown}
Potions
 m - a potion of curing {unknown}
Books
 b - a book of Necromancy

   Spells                             Type                      Level
   a - Pain                           Necromancy                   1
   b - Animate Skeleton               Necromancy                   1
   c - Vampiric Draining              Necromancy                   3
   d - Regeneration                   Charms/Necromancy            3
   e - Animate Dead                   Necromancy                   4
   f - Control Undead                 Necromancy                   4
Comestibles
 c - 3 bread rations
 i - 4 chunks of flesh


   Skills:
 - Level 2.1 Dodging
 - Level 2.4 Stealth
 + Level 3.4 Spellcasting
 + Level 5.5 Necromancy


You had 5 spell levels left.
You knew the following spells:

 Your Spells              Type           Power        Failure   Level  Hunger
a - Pain                  Necr           ###.         4%          1    None
v - Vampiric Draining     Necr           ###.......   12%         3    ###....


Dungeon Overview and Level Annotations

Branches:
Dungeon (5/15)
 Temple: D:4-7

Altars:
Nemelex Xobeh

Annotations:
D:4 letownia2's ghost, weakling DDNe


Innate Abilities, Weirdness & Mutations

You are resistant to damage.
You can heal yourself by infusing magical energy.
You passively map a small area around you.
You do not regenerate.


Message History

You are feeling hungry.
You hit the shadow imp but do no damage.
The shadow imp is severely wounded.
The shadow imp closely misses you. The shadow imp hits you.
* * * LOW HITPOINT WARNING * * *
Unknown command.
You barely miss the shadow imp.
The shadow imp is severely wounded.
The shadow imp closely misses you. The shadow imp barely misses you.
Unknown command.
You hit the shadow imp but do no damage.
The shadow imp is severely wounded.
The shadow imp closely misses you. x2
Unknown command.
Unknown command.
You hit the shadow imp but do no damage.
The shadow imp is severely wounded.
The shadow imp gestures at you. Pain shoots through your body!
The shadow imp hits you.
You die...

, , , ,,,, ,
,, , , ,,, ,
, , ,,, * ,
, #########
,, , ,
#@§.....#* ,
,+55§§....
#.§.§§... *
,#.§.§§...*,
, *#..§§§.[#
######### ,


You could see 2 shadow imps.

Vanquished Creatures
  A howler monkey (D:3)
  2 worker ants
  2 adders (D:4)
  A leopard gecko (D:3)
  3 orcs
  A hobgoblin (D:3)
  2 jackals
  2 kobolds
  A quokka (D:3)
  A ball python (D:4)
  2 bats
  2 frilled lizards
  2 rats (D:2)
22 creatures vanquished.

Notes
Turn   | Place    | Note
-------+----------+-------------------------------------------
     0 | D:1      | letownia2 the Deep Dwarf Necromancer began the quest for the Orb.
     0 | D:1      | Reached XP level 1. HP: 15/15 MP: 3/3
    59 | D:1      | Found a sparkling altar of Nemelex Xobeh.
   496 | D:3      | Noticed an ogre
   596 | D:3      | Reached XP level 2. HP: 19/22 MP: 0/5
   688 | D:4      | Noticed letownia2's ghost (weakling DDNe)
   767 | D:4      | Noticed a howler monkey
   795 | D:4      | Noticed a phantom
   800 | D:3      | Reached XP level 3. HP: 15/28 MP: 0/6
   805 | D:3      | Learned a level 3 spell: Vampiric Draining
   860 | D:3      | Reached skill level 5 in Necromancy
   860 | D:3      | Reached XP level 4. HP: 24/36 MP: 0/8
  1458 | D:4      | Noticed an ogre
  1471 | D:4      | Noticed a phantom
  1476 | D:5      | Entered Level 5 of the Dungeon
  1486 | D:5      | Slain by a shadow imp

Skill      XL: |  1  2  3 |
---------------+----------+-----
Spellcasting   | 2 3 |  3.4
Necromancy     | 5 |  5.5
Dodging        | |  2.1
Stealth        | |  2.4

Action                   |  1- 3 |  4- 6 || total
-------------------------+-------+-------++-------
Melee: Short sword       |    15 |    14 ||    29
 Cast: Pain              |    29 |     8 ||    37
       Vampiric Draining |     1 |     8 ||     9
Evoke: Wand              |     1 |     1 ||     2
  Use: Scroll            |     1 |       ||     1
  Eat: Chunk             |       |     3 ||     3
Armor: Ring mail         |     8 |    10 ||    18
Dodge: Dodged            |    21 |    22 ||    43
